 Dungeon Crawl Stone Soup version 0.26-a0-962-g9b92081034 (webtiles) character file.

Game seed: 8137317133176797257

15003 KristoblXynda the Unseen (level 11, -5/73 HPs)
             Began as a Spriggan Enchanter on Dec 1, 2020.
             Was an Initiate of Gozag.
             Killed by divine providence
             ... invoked by an orc priest
              (14 damage)
             ... on level 13 of the Dungeon.
             The game lasted 00:33:28 (17657 turns).

KristoblXynda the Unseen (Spriggan Enchanter)      Turns: 17657, Time: 00:33:29

Health: -5/73      AC: 25    Str:  6    XL:     11   Next: 96%
Magic:  7/24       EV:  4    Int: 17    God:    Gozag
Gold:   2467       SH:  0    Dex: 24    Spells: 17/26 levels left

rFire    . . .     SeeInvis +   C - +3 dagger (elec)
rCold    . . .     Faith    .   (shield restricted)
rNeg     + + +     Spirit   .   (armour currently unavailable)
rPois    +         Reflect  .   (helmet currently unavailable)
rElec    .         Harm     .   (cloak currently unavailable)
rCorr    .         Rampage  .   (gloves unavailable)
MR       +....     NoTele   +   (boots unavailable)
Stlth    ++++++....             x - amulet of the acrobat
HPRegen  0.22/turn              o - +4 ring of evasion
MPRegen  0.19/turn              D - +6 ring of dexterity

@: tree-form
A: very small, unfitting armour, see invisible
a: Potion Petition, Call Merchant, Bribe Branch, Renounce Religion


You were on level 13 of the Dungeon.
You worshipped Gozag.
Gozag was most pleased with you.
You were a tree.
You visited 1 branch of the dungeon, and saw 13 of its levels.
You also visited: Sewer and Ossuary.

You collected 2550 gold pieces.
You paid 83 gold pieces to Gozag.

Inventory:

Hand Weapons
 C - a +3 dagger of electrocution (weapon)
Armour
 H - cursed +1 acid dragon scales (melded)
Jewellery
 k - an uncursed ring of protection from cold
 o - a +4 ring of evasion (left branch)
 q - the amulet of the Sturgeon {+Fly Regen+ Dex+2}
   (You found it on level 4 of the Dungeon)

   [amulet of regeneration]

   It affects your dexterity (+2).
   It lets you fly.
   It increases your rate of regeneration.
 x - an amulet of the acrobat (around neck)
 y - an uncursed ring of protection from magic
 B - an uncursed ring of magical power
 D - a +6 ring of dexterity (right branch)
 M - an uncursed ring of positive energy
Wands
 N - a wand of digging (9)
Scrolls
 a - a scroll of holy word
 f - a scroll of enchant armour
 i - 8 scrolls of teleportation
 n - 11 scrolls of remove curse
 v - 3 scrolls of enchant weapon
 w - 2 scrolls of fog
 G - a scroll of immolation
 I - 4 scrolls of blinking
 K - 3 scrolls of identify
Potions
 b - a potion of haste {unknown}
 c - 2 potions of magic
 d - 10 potions of curing
 e - a potion of resistance {unknown}
 g - 5 potions of cancellation
 h - 3 potions of heal wounds
 j - a potion of degeneration {unknown}
 l - 3 potions of might
 m - 4 potions of lignification
 r - 3 potions of flight
 s - 2 potions of attraction
 z - 6 potions of brilliance
 A - a potion of experience {unknown}
 E - a potion of berserk rage {unknown}
 F - a potion of mutation {unknown}
 L - a potion of invisibility {unknown}
Miscellaneous
 p - a box of beasts


   Skills:
 + Level 1.0 Fighting
 - Level 5.0 Short Blades
 + Level 5.4 Armour
 - Level 10.6 Dodging
 - Level 15.0 Stealth
 - Level 8.1 Spellcasting
 + Level 12.2 Hexes
 + Level 5.3 Evocations


You had 17 spell levels left.
You knew the following spells:

 Your Spells              Type           Power        Failure   Level
b - Ensorcelled Hibernat  Hex/Ice        ####..       1%          2
c - Tukima's Dance        Hex            #####...     1%          3
d - Sticky Flame          Conj/Fire      #.......     71%         4

Your spell library contained the following spells:

 Spells                   Type           Power        Failure   Level
 Corona                   Hex            #####..      1%          1
 Confusing Touch          Hex            #####...     1%          3
 Cause Fear               Hex            #####.....   1%          4
 Dazzling Flash           Conj/Hex       ####..       2%          3
 Inner Flame              Hex/Fire       ####....     2%          3
 Foxfire                  Conj/Fire      #...         11%         1
 Silence                  Hex/Air        ####......   24%         5
 Yara's Violent Unravell  Hex/Tmut       ####......   24%         5
 Conjure Flame            Conj/Fire      #.......     30%         3
 Fireball                 Conj/Fire      #.........   96%         5
 Discord                  Hex            #####.....   99%         8


Dungeon Overview and Level Annotations

Branches:
Dungeon (13/15)            Temple (0/1) D:6            Lair (0/6) D:8
    Orc (0/2) D:12          Sewer (visited)         Ossuary (visited)
 Vaults: D:13-14

Altars:
Dithmenos
Elyvilon
Fedhas
Gozag
Hepliaklqana
Kikubaaqudgha
Makhleb
Nemelex Xobeh
Qazlal
Ru
Sif Muna
Uskayaw
Zin

Annotations:
D:12 2 transporters, Umpaqoo's ghost, journeyman GrEE


Innate Abilities, Weirdness & Mutations

You are very small and have problems with some larger weapons.
You are too small for most types of armour.
You have supernaturally acute eyesight. (SInv)
((You cover ground extremely quickly.))


Message History

The orc priest is severely wounded.
The centaur completely misses you. The orc warrior completely misses you.
The orc priest calls down the wrath of Beogh upon you.
Beogh smites you!
* * * LOW HITPOINT WARNING * * *
The centaur unwields a +0 shortbow.
The centaur completely misses you. x2
The centaur misses you.
Really quaff the potion of lignification?
You turn into a tree.
Your cursed +1 acid dragon scales melds into your body.
Your roots penetrate the ground.
The orc hits you but does no damage. The centaur hits you.
* * * LOW HITPOINT WARNING * * *
The orc warrior hits you but does no damage.
The centaur hits you but does no damage.
The centaur barely misses you.
The orc priest calls down the wrath of Beogh upon you.
Beogh smites you!
You die...
Your body crumbles into a pile of gold.

**,.#.........,,,***
**#..........,***
*#........*** ***
*#.......#*****,*
**,.......,,,**,,*
**,,,#(§§.#*,,,,,,***
**,,,*#§§lc#****,,,,,*****
**,,***#§ooo# ****,,,,,,,
**,,** #cc♣## ***,,,,,
***,,** #§cc# **,,,,
**,,*** ##§.§# *,,,,
**,,** #..§.# **,,,,
**,,** ##...## *,,**,
*,,** #....# **,,*** ,***
#....# *,,** * ,,***
#....# *,,* ,,,,** #...##
**,**


You could see an orc warrior, 5 centaurs, an iguana, an orc priest and an orc.

Vanquished Creatures
  A boulder beetle (D:11)
  2 two-headed ogres
  An unseen horror (D:7)
  A manticore (D:12)
  An ugly thing (D:12)
  A cyclops (D:11)
  Maggie (D:7)
  A kobold demonologist (D:10)
  A wraith (D:12)
  11 yaks
  A vampire (D:12)
  2 wyverns (D:9)
  3 vampire mosquitoes (D:13)
  2 wargs (D:12)
  An acid dragon (D:12)
  2 ice beasts
  2 sky beasts
  4 black bears
  4 phantoms
  An eye of draining (D:9)
  A necrophage (D:5)
  7 orc warriors
  2 ogres
  4 centaurs
  8 big kobolds
  3 elf zombies (Ossuary)
  7 bullfrogs
  4 scorpions (D:8)
  A wyvern skeleton (D:8)
  17 wights
  6 killer bees (D:10)
  9 howler monkeys
  A bullfrog zombie (D:12)
  7 centaur zombies
  A quasit (D:12)
  2 bullfrog skeletons
  6 orc priests
  4 human zombies (Ossuary)
  4 jellies
  5 hounds
  3 centaur skeletons
  2 iguanas
  10 orc wizards
  10 worker ants
  A killer bee zombie (D:8)
  2 hound skeletons
  4 mummies
  4 gnolls (D:7)
  16 adders
  4 river rats (Sewer)
  4 shadow imps
  A white imp (D:10)
  4 ufetubi
  2 oozes
  2 adder zombies
  3 adder skeletons
  5 worms
  A dart slug (D:1)
  5 leopard geckos
  42 orcs
  4 giant cockroaches
  11 goblins
  6 hobgoblins
  7 jackals
  20 kobolds
  6 quokkas
  2 ball pythons
  A ball python zombie (D:1)
  2 bats
  2 frilled lizards (D:2)
  A jackal zombie (D:8)
  9 rats
338 creatures vanquished.

Vanquished Creatures (collateral kills)
  5 wights
5 creatures vanquished.

Vanquished Creatures (others)
  A dancing weapon (D:13)
  3 fungi (D:8)
  4 plants (D:8)
8 creatures vanquished.

Grand Total: 351 creatures vanquished

Notes
Turn   | Place    | Note
-------+----------+-------------------------------------------
     0 | D:1      | KristoblXynda the Spriggan Enchanter began the quest for
                  | the Orb.
     0 | D:1      | Reached XP level 1. HP: 9/9 MP: 5/5
   107 | D:1      | Reached XP level 2. HP: 4/13 MP: 7/7
   762 | D:1      | Reached skill level 5 in Stealth
  1426 | D:2      | Reached XP level 3. HP: 16/16 MP: 8/8
  1495 | D:2      | Learned a level 2 spell: Ensorcelled Hibernation
  2668 | D:2      | Reached XP level 4. HP: 20/21 MP: 7/10
  4193 | D:3      | Found a sacrificial altar of Ru.
  4193 | D:3      | Found a hazy altar of Hepliaklqana.
  4198 | D:3      | Found a shimmering blue altar of Sif Muna.
  4200 | D:3      | Found a stormy altar of Qazlal.
  4202 | D:3      | Found an ancient bone altar of Kikubaaqudgha.
  4302 | D:4      | Reached skill level 6 in Stealth
  4375 | D:4      | Reached skill level 5 in Hexes
  4375 | D:4      | Reached XP level 5. HP: 16/24 MP: 7/12
  4444 | D:4      | Found a glowing drain.
  4451 | Sewer    | Entered a sewer
  4537 | Sewer    | Learned a level 3 spell: Tukima's Dance
  4766 | Sewer    | Reached skill level 7 in Stealth
  4766 | Sewer    | Reached XP level 6. HP: 6/28 MP: 0/14
  5035 | Sewer    | Reached skill level 5 in Spellcasting
  5587 | Sewer    | Reached XP level 7. HP: 29/32 MP: 16/16
  5735 | Sewer    | Reached skill level 8 in Stealth
  6079 | D:4      | Got a glittering emerald amulet
  6141 | D:4      | Found a white marble altar of Elyvilon.
  6612 | D:5      | Entered Level 5 of the Dungeon
  7125 | D:5      | Reached skill level 9 in Stealth
  7125 | D:5      | Reached XP level 8. HP: 36/36 MP: 14/18
  7413 | D:5      | Found a sparkling altar of Nemelex Xobeh.
  7414 | D:5      | Found an opulent altar of Gozag.
  7427 | D:5      | Became a worshipper of Gozag Ym Sagoz the Greedy
  8118 | D:6      | Found a staircase to the Ecumenical Temple.
  8122 | D:6      | Identified the amulet of the Sturgeon {+Fly Regen+ Dex+2}
                  | (You found it on level 4 of the Dungeon)
  8465 | D:6      | Reached skill level 10 in Stealth
  8949 | D:7      | Found a sand-covered staircase.
  8960 | Ossuary  | Entered an ossuary
  9287 | Ossuary  | Reached skill level 5 in Short Blades
  9386 | Ossuary  | Reached XP level 9. HP: 39/39 MP: 21/21
  9977 | D:7      | Reached skill level 1 in Evocations
 10138 | D:7      | Reached skill level 11 in Stealth
 10425 | D:7      | Got a crude robe
 10436 | D:7      | Identified the +0 robe "Difuess" {MR- Dex+8} (You found it
                  | on level 7 of the Dungeon)
 10492 | D:7      | Noticed Maggie
 10500 | D:7      | Killed Maggie
 10501 | D:7      | Reached skill level 5 in Dodging
 10862 | D:7      | Noticed an unseen horror
 10869 | D:7      | Killed an unseen horror
 10870 | D:7      | Reached skill level 1 in Armour
 11415 | D:8      | Reached skill level 12 in Stealth
 11483 | D:8      | Noticed a two-headed ogre
 11500 | D:8      | Killed a two-headed ogre
 11501 | D:8      | Reached XP level 10. HP: 19/44 MP: 17/23
 11525 | D:8      | Reached skill level 10 in Hexes
 11764 | D:8      | Found a staircase to the Lair.
 11814 | D:8      | You fall into a shaft and drop 2 floors!
 11814 | D:10     | Entered Level 10 of the Dungeon
 12326 | D:10     | Reached skill level 13 in Stealth
 13226 | D:10     | Reached XP level 11. HP: 41/47 MP: 19/24
 13350 | D:9      | Upgraded the game from 0.26-a0-958-gf3041fb45f to
                  | 0.26-a0-962-g9b92081034
 13761 | D:9      | Reached skill level 14 in Stealth
 14198 | D:9      | Found a blossoming altar of Fedhas.
 14199 | D:9      | Found a hide-covered altar of Uskayaw.
 14199 | D:9      | Found a shadowy altar of Dithmenos.
 14353 | D:8      | Found a burning altar of Makhleb.
 14353 | D:8      | Found a glowing silver altar of Zin.
 14354 | D:8      | Noticed an angel
 14354 | D:8      | Noticed a green death
 14367 | D:8      | Reached skill level 10 in Dodging
 14638 | D:11     | Noticed a two-headed ogre
 14645 | D:11     | Killed a two-headed ogre
 14770 | D:11     | Learned a level 4 spell: Sticky Flame
 14949 | D:11     | Noticed a boulder beetle
 14956 | D:11     | Killed a boulder beetle
 15810 | D:12     | Found a staircase to the Orcish Mines.
 15859 | D:12     | Reached skill level 5 in Armour
 16015 | D:12     | Noticed a green ugly thing
 16034 | D:12     | Killed a green ugly thing
 16464 | D:12     | Noticed Umpaqoo's ghost (journeyman GrEE)
 16555 | D:12     | Found a transporter.
 16559 | D:12     | Found a transporter.
 16758 | D:12     | Identified the +7 plate armour "Lyjutraoniu" {rPois Int+4
                  | SInv}
 16792 | D:12     | Reached skill level 15 in Stealth
 17054 | D:12     | Reached skill level 5 in Evocations
 17606 | D:13     | Reached skill level 1 in Fighting
 17657 | D:13     | Killed from afar by an orc priest

Illustrated notes

Levels and vault maps discovered:
D:1:      saegor_arrival_fortress, layout_loops_ring, nrook_mini_backslash
D:2:      layout_basic
D:3:      layout_loops_corners, chequers_temple_overflow_minitemple,
          minmay_crystal_room
D:4:      layout_cave_pools, lemuel_round_altar, gup_sewer_entry_bubbles
D:5:      layout_loops_corners, grunt_temple_overflow_opulence,
          minmay_divided_ellipse
D:6:      layout_basic, temple_pool_b
D:7:      layout_layer_cave, gup_ossuary_entry_pyramid, uniq_maggie
D:8:      layout_cave_pools, grunt_temple_overflow_order_and_chaos_2,
          grunt_lair_entry_orc_guard_hut, serial_rivers,
          chequers_serial_rivers_micro_c, chequers_serial_rivers_micro_b,
          chequers_serial_rivers_marsh, chequers_serial_rivers_small_3,
          chequers_serial_rivers_small_b, chequers_serial_rivers_small_a,
          minmay_misc_feat_pillars, sigmund_army
D:9:      layout_cave_pools, minitemple
D:10:     layout_irregular_city, minmay_misc_feat_tower
D:11:     layout_cave_pods
D:12:     layout_loops_corners, erik_orc_3, gammafunk_ghost_hive,
          minmay_strange_pillars, nicolae_two_hexagons, st_stairs_6
D:13:     layout_cave_pods, gauntlet_entry_generic

Skill      XL: |  1  2  3  4  5  6  7  8  9 10 11 |
---------------+----------------------------------+-----
Spellcasting   | 3 4 5 6 7 8 |  8.1
Hexes          | 4 5 6 7 8 9 10 12 | 12.2
Stealth        | 5 6 7 9 10 12 13 15 | 15.0
Short Blades   | 3 5 |  5.0
Dodging        | 7 9 10 | 10.6
Evocations     | 3 5 |  5.3
Armour         | 2 3 5 |  5.4
Fighting       | 1 |  1.0

Action                   |  1- 3 |  4- 6 |  7- 9 | 10-12 || total
-------------------------+-------+-------+-------+-------++-------
Melee: Dagger            |   147 |   194 |   390 |   562 ||  1293
 Cast: Ensorcelled Hiber |     9 |    41 |    52 |   124 ||   226
       Tukima's Dance    |       |       |       |    22 ||    22
Evoke: Wand              |       |       |     3 |     4 ||     7
  Use: Scroll            |       |     7 |     8 |    13 ||    28
       Potion            |       |       |     2 |     3 ||     5
 Stab: Sleeping          |    14 |    26 |    52 |    77 ||   169
       Distracted        |       |       |     1 |    13 ||    14
Armor: Robe              |     8 |    10 |     7 |       ||    25
       Skin              |       |       |     4 |     3 ||     7
       Acid dragon scale |       |       |     5 |    49 ||    54
Dodge: Dodged            |   108 |   143 |   251 |   661 ||  1163

Table legend: (Time is in decaauts)
 A = Elapsed time spent in this place.
 B = Non-inter-level travel time spent in this place.
 C = Inter-level travel time spent in this place.
 D = Time resting spent in this place.
 E = Time spent auto-exploring this place.
 F = Levels seen in this place.
 G = Mean time per level.
                   A        B        C        D        E       F      G
               +--------+--------+--------+--------+--------+-----+--------+
         Total |  13815 |  13593 |    222 |   3494 |   6806 |  15 |  921.0 |
       Dungeon |  11569 |  11347 |    222 |   2197 |   6533 |  13 |  889.9 |
         Sewer |   1475 |   1475 |      0 |    770 |    213 |   1 | 1475.0 |
       Ossuary |    770 |    770 |      0 |    526 |     60 |   1 |  770.0 |
               +--------+--------+--------+--------+--------+-----+--------+

Top non-repeatable levels by time:
    D:12: 1521 daAuts
   Sewer: 1475 daAuts
     D:2: 1421 daAuts
     D:7: 1171 daAuts
    D:10: 1133 daAuts
     D:1: 1058 daAuts
     D:6: 1006 daAuts
     D:3: 811 daAuts
 Ossuary: 770 daAuts
     D:9: 738 daAuts
    D:11: 717 daAuts
     D:4: 689 daAuts
     D:5: 664 daAuts
     D:8: 567 daAuts
    D:13: 68 daAuts
